 Dungeon Crawl Stone Soup version 0.19.0-17-g07987d3 (webtiles) character file.

219 pkoi the Ruffian (level 5, -5/61 HPs)
             Began as a Draconian Gladiator on Nov 11, 2016.
             Slain by a killer bee (6 damage)
             ... on level 3 of the Dungeon.
             The game lasted 00:04:25 (2986 turns).

pkoi the Ruffian (Draconian Gladiator)              Turns: 2986, Time: 00:04:26

Health: -5/61      AC:  6    Str: 23    XL:     5   Next: 63%
Magic:  5/5        EV: 13    Int:  8    God:
Gold:   72         SH:  0    Dex: 12    Spells: 0 memorised, 4 levels left

rFire  . . .     SeeInvis .       - Unarmed
rCold  . . .     Gourm    +     (armour unavailable)
rNeg   . . .     Faith    .     (no shield)
rPois  .         Spirit   .     a - +0 hat
rElec  .         Reflect  .     (no cloak)
rCorr  .         Harm     .     h - +0 pair of gloves
MR     .....                    (no boots)
Stlth  ..........               j - amulet of the gourmand
                                (no ring)
                                (no ring)

@: berserking, lethally poisoned (-5 -> -6), very quick
A: unfitting armour, cold-blooded, AC +5
a: no special abilities


You were on level 3 of the Dungeon.
You were very full.

You visited 1 branch of the dungeon, and saw 3 of its levels.

You collected 72 gold pieces.

Inventory:

Missiles
 b - 3 throwing nets (quivered)
Armour
 a - a +0 hat (worn)
 h - a +0 pair of gloves (worn)
Jewellery
 j - an amulet of the gourmand (around neck)
Scrolls
 d - 3 scrolls of teleportation
 e - 3 scrolls of remove curse
 m - 2 scrolls of identify
Potions
 l - a potion of brilliance
Comestibles
 c - 2 bread rations
 g - 2 chunks of flesh


   Skills:
 - Level 2.1 Fighting
 - Level 1.7 Throwing
 - Level 2.6 Dodging
 + Level 6.4 Unarmed Combat


You had 4 spell levels left.
You didn't know any spells.

Dungeon Overview and Level Annotations

Branches:
Dungeon (3/15)

Altars:
Ashenzari
Gozag


Innate Abilities, Weirdness & Mutations

Your plain brown scales are hard. (AC +5)
You cannot fit into any form of body armour.
You are cold-blooded and may be slowed by cold attacks.


Message History

You feel magically purged.
You feel a little less agile now.
Your resistance to elements expires.
* * * LOW HITPOINT WARNING * * *
You feel sick. The killer bee misses you. x2
It was a potion of berserk rage.
A red film seems to cover your vision as you go berserk!
You feel yourself moving faster!
You feel mighty! The killer bee barely misses you.
The killer bee closely misses you.
You miss the killer bee.
Your tail-slap misses the killer bee.
The killer bee stings you.
* * * LOW HITPOINT WARNING * * *
You closely miss the killer bee. The killer bee closely misses you.
You punch the killer bee!
The killer bee is severely wounded.
* * * LOW HITPOINT WARNING * * *
You feel sick. The killer bee closely misses you.
You miss the killer bee.
The killer bee is severely wounded.
The killer bee stings you.
You die...

#≈#≈≈.≈#≈#
#≈#≈≈≈≈#≈# .
##≈##≈≈##≈## ..
#≈≈≈#≈≈#≈≈≈# ...
#≈≈≈#≈≈≈≈≈≈# ....
##≈######≈##.....
#.# ###......
#.######y.......
#....@yyyb......
########y......#
#.......#
#.......#
#.......#
#########


You could see 5 killer bees and a bat.

Vanquished Creatures
  A gnoll shaman (D:2)
  2 orc wizards (D:2)
  3 gnolls (D:2)
  2 adders (D:2)
  3 worms
  A dart slug (D:1)
  5 leopard geckos
  9 orcs
  A ball python (D:2)
  6 giant cockroaches
  7 goblins
  6 hobgoblins
  8 kobolds
  A quokka (D:2)
  6 bats
  5 frilled lizards
  4 rats
70 creatures vanquished.

Vanquished Creatures (others)
  An orc wizard (D:3)
1 creature vanquished.

Grand Total: 71 creatures vanquished

Notes
Turn   | Place    | Note
-------+----------+-------------------------------------------
     0 | D:1      | pkoi the Draconian Gladiator began the quest for the Orb.
     0 | D:1      | Reached XP level 1. HP: 17/17 MP: 1/1
     8 | D:1      | Found a shattered altar of Ashenzari.
   308 | D:1      | Reached XP level 2. HP: 13/24 MP: 2/2
   648 | D:1      | Reached skill level 4 in Unarmed Combat
   761 | D:1      | Reached XP level 3. HP: 24/29 MP: 3/3
  1343 | D:2      | Found an opulent altar of Gozag.
  1508 | D:2      | Reached XP level 4. HP: 34/36 MP: 4/4
  1753 | D:2      | Reached skill level 5 in Unarmed Combat
  2111 | D:2      | HP: 1/36 [orc/flail (8)]
  2413 | D:2      | Reached XP level 5. HP: 38/41 MP: 5/5
  2451 | D:2      | Reached skill level 6 in Unarmed Combat
  2983 | D:3      | HP: 2/61 [killer bee (3)]
  2986 | D:3      | Slain by a killer bee

Skill      XL: |  1  2  3  4  5 |
---------------+----------------+-----
Unarmed Combat | 4 5 6 |  6.4
Fighting       | |  2.1
Throwing       | |  1.7
Dodging        | |  2.6

Action                   |  1- 3 |  4- 6 || total
-------------------------+-------+-------++-------
Melee: Unarmed           |   128 |   148 ||   276
       Tailslap          |    15 |    24 ||    39
       Punch             |     3 |     1 ||     4
Throw: Throwing net      |     1 |       ||     1
  Use: Scroll            |       |     5 ||     5
       Potion            |       |     4 ||     4
 Stab: Sleeping          |     3 |     1 ||     4
  Eat: Chunk             |    15 |     4 ||    19
Armor: Skin              |    37 |    38 ||    75
Dodge: Dodged            |    67 |    90 ||   157
